 Dungeon Crawl Stone Soup version 0.20.1-1-g8b1a95d (webtiles) character file.

53 Gargoyl the Grave Robber (level 3, -6/14 HPs)
             Began as a Felid Necromancer on July 26, 2017.
             Mangled by a bullfrog skeleton (7 damage)
             ... on level 4 of the Dungeon on July 27, 2017.
             The game lasted 00:10:52 (4557 turns).

Gargoyl the Grave Robber (Felid Necromancer)        Turns: 4557, Time: 00:10:53

Health: -6/14      AC:  3    Str:  4    XL:     3   Next: 64%
Magic:  8/8        EV: 18    Int: 14    God:
Gold:   99         SH:  0    Dex: 17    Spells: 5/7 levels left
                                        Lives:  0   Deaths: 1

rFire    . . .     SeeInvis +   (weapon unavailable)
rCold    . . .     Gourm    .   (shield unavailable)
rNeg     . . .     Faith    .   (armour unavailable)
rPois    .         Spirit   .   (helmet unavailable)
rElec    .         Reflect  .   (cloak unavailable)
rCorr    .         Harm     .   (gloves unavailable)
MR       .....                  (boots unavailable)
Stlth    +++.......             (no amulet)
Regen    0.1/turn               c - ring of wizardry
MPRegen  0.2/turn               (no ring)

@: quick
A: no armour, no weapons or thrown items, stealth, claws 1, fangs 3, yellow
scales 1, see invisible, carnivore 3, dopey 1, speed 1, shaggy fur 1, slow
metabolism 1, MP-powered wands, sharp paws
a: no special abilities


You were on level 4 of the Dungeon.
You were not hungry.

You visited 1 branch of the dungeon, and saw 4 of its levels.

You collected 99 gold pieces.

Inventory:

Jewellery
 c - a ring of wizardry (left paw)
Scrolls
 h - 2 scrolls of remove curse
 l - 2 scrolls of identify
 m - a scroll of amnesia {unknown}
Potions
 d - 2 potions of curing {unknown}
 e - a potion of lignification {unknown}
 f - a potion of agility {unknown}
 g - a potion of flight {unknown}
 i - a potion of brilliance {unknown}
 j - a potion of heal wounds {unknown}
 k - a potion of invisibility {unknown}
Books
 a - a book of Necromancy

   Spells                             Type                      Level
   a - Pain                           Necromancy                   1
   b - Animate Skeleton               Necromancy                   1
   c - Vampiric Draining              Necromancy                   3
   d - Regeneration                   Charms/Necromancy            3
   e - Animate Dead                   Necromancy                   4
   f - Control Undead                 Necromancy                   4
Comestibles
 b - 2 meat rations


   Skills:
 + Level 2.9 Dodging
 + Level 3.2 Stealth
 + Level 0.8 Unarmed Combat
 + Level 2.7 Spellcasting
 * Level 5.3 Necromancy


You had 5 spell levels left.
You knew the following spells:

 Your Spells              Type           Power        Failure   Level  Hunger
a - Pain                  Necr           ###.         1%          1    #......
b - Animate Skeleton      Necr           N/A          1%          1    #......


Dungeon Overview and Level Annotations

Branches:
Dungeon (4/15)
 Temple: D:4-7

Altars:
Makhleb
Sif Muna
Trog

Annotations:
D:2 Sigmund
D:3 Knicklaso's ghost, amateur HOFi


Innate Abilities, Weirdness & Mutations

You cannot wear armour.
You are incapable of wielding weapons or throwing items.
Your paws allow you to move quietly. (Stealth)
You have sharp claws.
You have razor-sharp teeth.
You have supernaturally acute eyesight. (SInv)
You are carnivorous and can eat meat at any time.
You cover ground quickly.
You are covered in fur. (AC +1)
You have a slow metabolism.
Your sharp claws are effective at attacking unaware monsters.
You are partially covered in yellow scales. (AC +2)
You are dopey. (Int -2)
You expend magic power (3 MP) to strengthen your wands.


Message History

The bullfrog skeleton hits you.
Found a scroll labeled YPTIYP RAMEW.
Cast which spell? (? or * to list)
You can't see any susceptible monsters within range! (Use Z to cast anyway.) Memorise Regeneration, consuming 3 spell levels and leaving 2?
The bullfrog skeleton barely misses you.
You start memorising the spell.
You continue memorising.
The bullfrog skeleton misses you.
You continue memorising.
The bullfrog skeleton hits you.
Your memorisation is interrupted.
The bullfrog skeleton hits you.
* * * LOW HITPOINT WARNING * * *
Okay, then.
Cast which spell? (? or * to list)
Okay, then.
You see here a scroll labeled YPTIYP RAMEW.
m - a scroll labeled YPTIYP RAMEW The bullfrog skeleton hits you!
Ouch! That really hurt!
You die...

#.# ... ###.# ...##.
...# ##...... #..#
........ #..# #.....#
#..# #.....#.#.#####.@#
# ......#.#.......Z#.#
#.#...#.#######.##.#+#.
.......... #.#......
#........######.#......
.........+.............
#....#...######........
.........'.......#.####
#........#######.#.#


You could see a bullfrog skeleton.

Vanquished Creatures
  A hound (D:3)
  2 adders
  A dart slug (D:1)
  6 leopard geckos
  3 orcs (D:3)
  3 bats
  3 giant cockroaches
  4 goblins
  7 hobgoblins
  3 jackals (D:3)
  A ball python (D:2)
  2 frilled lizards (D:1)
  6 kobolds
  A rat (D:1)
43 creatures vanquished.

Vanquished Creatures (collateral kills)
  An ooze (D:3)
  A leopard gecko (D:2)
  An orc (D:3)
  A rat (D:1)
4 creatures vanquished.

Grand Total: 47 creatures vanquished

Notes
Turn   | Place    | Note
-------+----------+-------------------------------------------
     0 | D:1      | Gargoyl the Felid Necromancer began the quest for the Orb.
     0 | D:1      | Reached XP level 1. HP: 7/7 MP: 4/4
   333 | D:1      | Reached XP level 2. HP: 6/11 MP: 0/6
  1071 | D:1      | Learned a level 1 spell: Animate Skeleton
  1993 | D:2      | Reached XP level 3. HP: 14/14 MP: 5/7
  2002 | D:2      | Noticed Sigmund
  2606 | D:2      | Reached skill level 5 in Necromancy
  3538 | D:3      | Gained mutation: You expend magic power (3 MP) to strengthen your wands. [potion of mutation]
  3538 | D:3      | Gained mutation: You are dopey. (Int -2) [potion of mutation]
  3538 | D:3      | Gained mutation: You are partially covered in yellow scales. (AC +2) [potion of mutation]
  3540 | D:3      | Reached XP level 4. HP: 8/18 MP: 3/8
  3740 | D:3      | Found a burning altar of Makhleb.
  3966 | D:3      | Found a bloodstained altar of Trog.
  4383 | D:3      | Noticed Knicklaso's ghost (amateur HOFi)
  4389 | D:3      | Demolished by Knicklaso's ghost
  4390 | D:3      | Reached XP level 3. HP: -14/14 MP: 8/8
  4408 | D:3      | Found a deep blue altar of Sif Muna.
  4557 | D:4      | Mangled by a bullfrog skeleton

Skill      XL: |  1  2  3 |
---------------+----------+-----
Necromancy     | 5 |  5.3
Stealth        | 3 |  3.2
Dodging        | |  2.9
Unarmed Combat | |  0.8
Spellcasting   | |  2.7

Action                   |  1- 3 |  4- 6 || total
-------------------------+-------+-------++-------
Melee: Unarmed           |    64 |    14 ||    78
       Bite              |     8 |     2 ||    10
 Cast: Pain              |    36 |    21 ||    57
       Animate Skeleton  |     4 |     1 ||     5
  Use: Scroll            |     4 |       ||     4
       Potion            |     2 |       ||     2
 Stab: Sleeping          |     8 |       ||     8
  Eat: Chunk             |    13 |     2 ||    15
Armor: Skin              |     1 |     2 ||     3
Dodge: Dodged            |    75 |    23 ||    98
